 Dungeon Crawl Stone Soup version 0.16.2-2-g470672f (webtiles) character file.

694 poirepourri the Ducker (level 7, -1/67 HPs)
             Began as a Deep Dwarf Berserker on Aug 25, 2015.
             Was a Priest of Trog.
             Shot with an arrow by a centaur (9 damage)
             ... on level 5 of the Dungeon.
             The game lasted 00:14:54 (3997 turns).

poirepourri the Ducker (Deep Dwarf Berserker)       Turns: 3997, Time: 00:14:54

Health: -1/67      AC:  5    Str: 22    XL:     7   Next: 37%
Magic:  7/7        EV: 18    Int:  8    God:    Trog [***...]
Gold:   177        SH:  9    Dex: 17    Spells: 0 memorised, 6 levels left

rFire  . . .     SeeInvis .     a - +0 hand axe
rCold  + . .     Clarity  .     g - +0 leather armour
rNeg   . . .     SustAb   .     d - +0 shield
rPois  .         Gourm    .     n - +1 helmet
rElec  .         Spirit   .     (no cloak)
rCorr  .         Warding  .     (no gloves)
rMut   .         Stasis   .     (no boots)
MR     +++..                    (no amulet)
Stlth  +++.......               (no ring)
                                m - ring of protection from cold

@: agile, about to teleport, non-regenerating, extremely resistant to hostile
enchantments, fairly stealthy
A: damage resistance, recharge devices, sense surroundings 1, slow healing 3
a: Device Recharging, Burn Spellbooks, Berserk, Trog's Hand, Renounce Religion


You were on level 5 of the Dungeon.
You worshipped Trog.
Trog was most pleased with you.
You were not hungry.

You visited 1 branch of the dungeon, and saw 5 of its levels.

You collected 177 gold pieces.

Inventory:

Hand weapons
 a - a +0 hand axe (weapon)
Armour
 b - a +0 animal skin
 d - a +0 shield (worn)
 g - a +0 leather armour (worn)
 n - a +1 helmet (worn)
Jewellery
 m - a ring of protection from cold (left hand)
 p - an uncursed amulet of clarity {unknown}
Magical devices
 c - a wand of heal wounds (9)
 e - a wand of slowing (17)
Scrolls
 h - 2 scrolls of remove curse
 o - a scroll of random uselessness {unknown}
Potions
 j - a potion of lignification
Comestibles
 l - a bread ration


   Skills:
 * Level 5.0 Fighting
 + Level 4.9 Axes
 + Level 3.1 Armour
 + Level 5.6 Dodging
 + Level 1.1 Stealth
 + Level 1.9 Shields


You had 6 spell levels left.
You didn't know any spells.

Dungeon Overview and Level Annotations

Branches:
Dungeon (5/15)
 Temple: D:4-7

Altars:
Elyvilon
Fedhas
Okawaru
Sif Muna
Vehumet

Shops:
D:5 ?


Innate Abilities, Weirdness & Mutations

You are resistant to damage.
You can recharge devices by infusing magical energy.
You passively map a small area around you.
You do not heal naturally.


Message History

The arrow closely misses you.
The goblin zaps a wand.
The puff of flame hits you!
* * * LOW HITPOINT WARNING * * *
It is a wand of flame.
Drink which item? (? for menu, Esc to quit)
You feel better.
The centaur shoots an arrow.
The arrow misses you.
The goblin zaps a wand.
The puff of flame hits you!
Drink which item? (? for menu, Esc to quit)
You feel agile all of a sudden.
The centaur shoots an arrow.
The arrow hits you!
* * * LOW HITPOINT WARNING * * *
The goblin zaps a wand.
The puff of flame hits you!
* * * LOW HITPOINT WARNING * * *
The centaur shoots an arrow.
The arrow barely misses you.
Read which item? (? for menu, Esc to quit)
As you read the scroll labeled MEFIRR ASECZU, it crumbles to dust.
You feel strangely unstable.
It was a scroll of teleportation.
The goblin zaps a wand.
You block the puff of flame.
The centaur shoots an arrow.
The arrow hits you!
You die...

* #.......## ##<##...####
#..........# *
######..........#
####...............#####
............♣...........
*
..##......♣.∩.♣.........
,
#.._........♣.........#..
...............(@<.?..[..
###.......####......#._.#
##.....## #......g... *
#.....# ##.......#.
#.....# ##.....c..,
####### ##...... *#####


You could see a centaur and a goblin.

Vanquished Creatures
  A giant frog (D:3)
  Sigmund (D:3)
  A jelly (D:5)
  A hound (D:4)
  Crazy Yiuf (D:2)
  An iguana (D:4)
  A worker ant (D:4)
  Terence (D:3)
  Robin (D:3)
  3 adders
  3 worms
  A giant gecko (D:4)
  An ooze (D:2)
  13 orcs
  10 bats
  2 bat skeletons (D:4)
  7 giant cockroaches
  26 goblins
  14 hobgoblins
  3 jackals (D:3)
  4 quokkas
  A giant cockroach zombie (D:1)
  3 giant newts
  9 kobolds
  A quokka zombie (D:1)
  10 rats
120 creatures vanquished.

Vanquished Creatures (collateral kills)
  The ghost of poirepourri the Skirmisher, an experienced HOBe of Trog (D:4)
  A hound (D:4)
2 creatures vanquished.

Grand Total: 122 creatures vanquished

Notes
Turn   | Place    | Note
--------------------------------------------------------------
     0 | D:1      | poirepourri, the Deep Dwarf Berserker, began the quest for the Orb.
     0 | D:1      | Reached XP level 1. HP: 20/20 MP: 1/1
   184 | D:1      | Reached XP level 2. HP: 26/28 MP: 2/2
   383 | D:1      | Acquired Trog's second power
  1072 | D:2      | Reached XP level 3. HP: 21/34 MP: 3/3
  1449 | D:2      | Reached XP level 4. HP: 42/42 MP: 4/4
  1578 | D:2      | Noticed Crazy Yiuf
  1631 | D:2      | Killed Crazy Yiuf
  1813 | D:3      | Noticed a giant frog
  1826 | D:3      | Killed a giant frog
  1826 | D:3      | Reached skill level 4 in Axes
  1826 | D:3      | Reached skill level 1 in Shields
  1826 | D:3      | Reached XP level 5. HP: 50/50 MP: 5/5
  1869 | D:3      | Noticed Robin
  2236 | D:3      | Killed Robin
  2315 | D:3      | Found a white marble altar of Elyvilon.
  2335 | D:3      | Found an iron altar of Okawaru.
  2458 | D:3      | Noticed Terence
  2480 | D:3      | Killed Terence
  2629 | D:3      | pédééé
  2769 | D:3      | Noticed Sigmund
  2787 | D:3      | Killed Sigmund
  2787 | D:3      | Reached XP level 6. HP: 37/57 MP: 6/6
  2825 | D:3      | Found a blossoming altar of Fedhas.
  3030 | D:4      | Acquired Trog's third power
  3450 | D:4      | Reached skill level 5 in Dodging
  3450 | D:4      | Reached skill level 1 in Stealth
  3475 | D:4      | Noticed poirepourri's ghost (experienced HOBe)
  3494 | D:4      | Killed poirepourri's ghost
  3494 | D:4      | Reached XP level 7. HP: 31/66 MP: 7/7
  3957 | D:5      | Entered Level 5 of the Dungeon
  3957 | D:5      | Found Deaqaq's Magic Scroll Shoppe.
  3959 | D:5      | Found a deep blue altar of Sif Muna.
  3966 | D:5      | Reached skill level 5 in Fighting
  3991 | D:5      | Found a radiant altar of Vehumet.
  3997 | D:5      | Shot with an arrow by a centaur

Action                   |  1- 3 |  4- 6 |  7- 9 || total
-------------------------+-------+-------+-------++-------
Melee: Hand axe          |   152 |   322 |    52 ||   526
Invok: Trog's Hand       |     3 |     9 |     3 ||    15
       Berserk           |     2 |     6 |       ||     8
       Brothers in Arms  |       |     1 |       ||     1
  Use: Scroll            |     4 |     7 |     1 ||    12
       Potion            |       |     7 |     2 ||     9
  Eat: Bread ration      |     1 |     3 |       ||     4
       Chunk             |       |     4 |       ||     4
       Pizza             |       |     1 |       ||     1
